 Dungeon Crawl Stone Soup version 0.27.1-1-g398f81649c (webtiles) character file.

Game seed: 1637356200936618745

10567 speeev33 the Cleaver (level 11, 0/101 HPs)
             Began as a Hill Orc Fighter on Sept 12, 2021.
             Was a High Priest of Okawaru.
             Killed from afar by a starcursed mass (10 damage)
             ... with an accursed screaming
             ... on level 2 of the Abyss.
             The game lasted 00:24:10 (12214 turns).

speeev33 the Cleaver (Hill Orc Fighter)            Turns: 12214, Time: 00:24:11

Health: 0/101      AC: 11    Str: 23    XL:     11   Next: 64%
Magic:  17/17      EV:  9    Int:  8    God:    Okawaru [*****.]
Gold:   332        SH: 18    Dex: 10    Spells: 10/10 levels left

rFire    + . .     SeeInvis +   a - +0 war axe
rCold    . . .     Faith    .   c - +1 kite shield
rNeg     . . .     Spirit   .   x - +3 ring mail {rF+}
rPois    +         Reflect  +   A - +1 hat {Will+}
rElec    .         Harm     .   i - +0 cloak
rCorr    .         Rampage  .   (no gloves)
Will     +....                  h - +0 pair of boots
Stlth    ..........             s - amulet of reflection
HPRegen  0.26/turn              o - ring of poison resistance
MPRegen  0.15/turn              q - ring of see invisible

@: no status effects
A: [deformed body]
a: Renounce Religion, Heroism, Finesse


You were on level 2 of the Abyss.
You worshipped Okawaru.
Okawaru was extremely pleased with you.
You visited 1 branch of the dungeon, and saw 10 of its levels.
You visited the Abyss 1 time.

You collected 662 gold pieces.
You spent 330 gold pieces at shops.

Inventory:

Hand Weapons
 a - a +0 war axe (weapon)
 m - a +0 flail
Missiles
 k - 48 poisoned darts (quivered)
Armour
 c - a +1 kite shield (worn)
 h - a +0 pair of boots (worn)
 i - a +0 cloak (worn)
 x - a +3 ring mail of fire resistance (worn)
 A - a +1 hat of willpower (worn)
Jewellery
 b - a ring of resist corrosion
 o - a ring of poison resistance (left hand)
 q - a ring of see invisible (right hand)
 s - an amulet of reflection (around neck)
 B - an amulet of regeneration
Wands
 l - a wand of polymorph (4)
 y - a wand of acid (1)
Scrolls
 f - 2 scrolls of enchant armour
 p - a scroll of teleportation
 w - 2 scrolls of identify
 z - a scroll of magic mapping
Potions
 d - 3 potions of mutation
 e - a potion of haste
 j - a potion of berserk rage
 n - a potion of brilliance
 r - 4 potions of flight
 t - a potion of magic
 u - a potion of cancellation


   Skills:
 + Level 10.7 Fighting
 + Level 11.3 Axes
 + Level 9.9 Armour
 + Level 9.9 Shields
 - Level 8.0 Invocations


You had 10 spell levels left.
You didn't know any spells.
Your spell library contained the following spells:

 Spells                   Type           Power      Damage    Failure   Level
 Blink                    Tloc           N/A        N/A       88%         2
 Conjure Flame            Conj/Fire      0%         6-21      98%         3
 Ignite Poison            Fire/Tmut/Pois 0%         N/A       98%         3
 Sticky Flame             Conj/Fire      0%         2d3       100%        4
 Alistair's Intoxication  Tmut/Pois      0%         N/A       100%        5
 Blade Hands              Tmut           0%         N/A       100%        5
 Borgnjor's Vile Clutch   Necr/Erth      0%         N/A       100%        5
 Irradiate                Conj/Tmut      0%         3d14      100%        5
 Manifold Assault         Tloc           0%         N/A       100%        5
 Conjure Ball Lightning   Conj/Air       0%         3x3d6     100%        6
 Eringya's Noxious Bog    Tmut/Pois      0%         N/A       100%        6
 Dragon Form              Tmut           0%         N/A       100%        7
 Storm Form               Tmut/Air       0%         N/A       100%        7
 Discord                  Hex            0%         N/A       100%        8
 Disjunction              Tloc           0%         N/A       100%        8


Dungeon Overview and Level Annotations

Branches:
Dungeon (10/15)            Temple (0/1) D:5            Lair (0/6) D:8
    Orc (0/2) D:9

Altars:
Ashenzari
Gozag
Makhleb
Okawaru
Qazlal
Trog
Wu Jian
Xom
Yredelemnul
Lugonu

Shops:
D:4 (   D:6 =   D:8 [

Portals:
Abyss: D:4

Annotations:
D:4 2 runed translucent doors
D:10 Sonja


Innate Abilities, Weirdness & Mutations

[Armour fits poorly on your strangely shaped body.]


Message History

You block the shadow demon's attack.
You slice the shadow demon!!
You kill the shadow demon!
Okawaru is honoured by your kill.
The lorocyproca dissolves into shadows!
The thrashing horror dissolves into shadows!
The starcursed mass dissolves into shadows!
The starspawn's tentacles wither and die.
The tentacled starspawn dissolves into shadows!
The starcursed mass dissolves into shadows!
You start resting.
Magic restored.
You start resting.
You feel like a meek peon again.
You start resting.
A wretched star comes into view.
You start resting.
A wretched star is nearby!
A starcursed mass comes into view.
A starcursed mass splits.
A chorus of shrieks assaults your mind.
A starcursed mass splits.
The wretched star pulses with an eldritch light!
Your body twists and deforms.
A starcursed mass splits.
A starcursed mass splits.
The wretched star glows turbulently.
The lance of force reflects off an invisible shield around you!
The lance of force hits the wretched star!!
The wretched star is knocked back by the lance of force.
A starcursed mass splits.
The starcursed mass touches you. The starcursed mass touches you! x2
* * * LOW HITPOINT WARNING * * *
You block the starcursed mass's attack.
A starcursed mass splits.
A deafening chorus of shrieks assaults your mind!
* * * LOW HITPOINT WARNING * * *
A deafening chorus of shrieks assaults your mind!
You die...

.# .. . .. . .
###..# ## .#.#.
..#### #.#..
.....
#..#.##..#### #
##.##@.#.....
#.###...#....#
.......XX#..## .
#...XX#.#...#
..##...#..#..#.#
#....X##X#*#...#
#......XX.## .##
##.....# ##..# #
..#.......#


You could see 5 starcursed masses and a wretched star.

Vanquished Creatures
  Gastronok (D:8)
  Erica (D:8)
  Urug (D:10)
  A shadow demon (Abyss:2)
  Joseph (D:7)
  Grinder (D:3)
  A hornet (D:8)
  2 trolls (D:9)
  A large abomination (Abyss:2)
  A wraith (D:7)
  7 yaks
  A vampire (D:9)
  2 wyverns
  A steam dragon (D:6)
  Grum (D:8)
  2 vampire mosquitoes (D:8)
  An acid dragon (D:9)
  3 wargs (D:8)
  A water moccasin (D:7)
  An orc warrior (D:7)
  2 sky beasts
  An ogre (D:6)
  2 wolves (D:8)
  3 centaurs
  2 phantoms
  3 kobold brigands
  3 scorpions
  2 gnoll sergeants
  A wyvern zombie (D:6)
  2 bullfrogs (D:7)
  A water moccasin zombie (D:3)
  3 jellies
  2 water moccasin skeletons
  A wight (D:7)
  A bullfrog zombie (D:5)
  4 centaur zombies
  2 hounds
  7 orc priests
  A centaur skeleton (D:6)
  A gnoll shaman (D:7)
  Ijyb (D:3)
  2 iguanas
  A bullfrog skeleton (D:5)
  Terence (D:3)
  Natasha (D:3)
  10 orc wizards
  A killer bee zombie (D:7)
  13 gnolls
  12 adders
  A white imp (D:6)
  An ufetubus (D:6)
  An adder skeleton (D:4)
  2 worms
  23 orcs
  6 ball pythons
  11 bats
  7 endoplasms
  2 giant cockroaches
  10 goblins
  4 hobgoblins
  3 jackals (D:4)
  18 kobolds
  4 quokkas
  3 frilled lizards
  6 rats
219 creatures vanquished.

Vanquished Creatures (others)
  A starspawn tentacle (Abyss:2)
1 creature vanquished.

Grand Total: 220 creatures vanquished

Notes
Turn   | Place    | Note
-------+----------+-------------------------------------------
     0 | D:1      | speeev33 the Hill Orc Fighter began the quest for the Orb.
     0 | D:1      | Reached XP level 1. HP: 19/19 MP: 1/1
    87 | D:1      | Reached XP level 2. HP: 27/27 MP: 2/2
    95 | D:1      | Reached skill level 3 in Axes
   728 | D:1      | Reached XP level 3. HP: 32/33 MP: 3/3
   767 | D:1      | Found a faded altar of an unknown god.
  1423 | D:2      | Reached XP level 4. HP: 40/40 MP: 4/4
  1461 | D:3      | Noticed Terence
  1473 | D:3      | Killed Terence
  1704 | D:3      | Found an iron altar of Okawaru.
  1718 | D:3      | Became a worshipper of Warmaster Okawaru
  1824 | D:3      | Noticed Grinder
  1894 | D:3      | Reached skill level 4 in Axes
  1894 | D:3      | Reached XP level 5. HP: 40/47 MP: 5/5
  1969 | D:3      | Noticed a kobold brigand
  1999 | D:3      | Killed a kobold brigand
  2000 | D:3      | Reached skill level 5 in Fighting
  2000 | D:3      | Reached XP level 6. HP: 46/56 MP: 6/6
  2140 | D:3      | Paralysed by Grinder for 7 turns
  2156 | D:3      | Killed Grinder
  2156 | D:3      | Reached * piety under Okawaru
  2157 | D:3      | Reached skill level 5 in Axes
  2157 | D:3      | Reached skill level 5 in Armour
  2157 | D:3      | Reached skill level 5 in Shields
  2157 | D:3      | Reached XP level 7. HP: 24/61 MP: 7/7
  2367 | D:3      | Noticed Ijyb
  2377 | D:3      | Killed Ijyb
  2404 | D:3      | Noticed Natasha
  2408 | D:3      | Killed Natasha
  2509 | D:3      | Found a shimmering altar of Xom.
  2841 | D:4      | Found a large runed translucent door.
  2842 | D:4      | Found a large runed translucent door.
  2854 | D:4      | Found a corrupted altar of Lugonu.
  2889 | D:4      | Found a one-way gate to the infinite horrors of the Abyss.
  2910 | D:4      | Found Poxishid's Antique Weapon Emporium.
  3618 | D:5      | Entered Level 5 of the Dungeon
  3683 | D:5      | Reached skill level 6 in Axes
  3934 | D:5      | Found a staircase to the Ecumenical Temple.
  3962 | D:5      | Reached ** piety under Okawaru
  3994 | D:5      | Reached XP level 8. HP: 68/71 MP: 8/8
  4906 | D:5      | Reached skill level 7 in Axes
  4908 | D:5      | Reached skill level 1 in Invocations
  5516 | D:6      | Found Zelisasm's Jewellery Boutique.
  5577 | D:6      | Found a basalt altar of Yredelemnul.
  5673 | D:6      | Reached XP level 9. HP: 66/79 MP: 9/11
  5803 | D:6      | Reached *** piety under Okawaru
  6059 | D:6      | Bought an amulet of reflection for 330 gold pieces
  6088 | D:6      | Found an ornate altar of the Wu Jian Council.
  6136 | D:6      | Reached skill level 8 in Axes
  6308 | D:6      | Identified the +4 falchion "Spiderslayer" {drain, rF+
                  | Str+3}
  7147 | D:7      | Reached skill level 5 in Invocations
  7420 | D:7      | Noticed Joseph
  7447 | D:7      | Killed Joseph
  7447 | D:7      | Reached **** piety under Okawaru
  7448 | D:7      | Reached skill level 9 in Axes
  7448 | D:7      | Reached XP level 10. HP: 53/90 MP: 12/14
  8294 | D:8      | Noticed Erica
  8329 | D:8      | HP: 3/90 [poisoned by Erica (bolt of poison)]
  8332 | D:8      | Killed Erica
  8332 | D:8      | Received a gift from Okawaru
  9004 | D:8      | Found a staircase to the Lair.
  9203 | D:8      | Found a stormy altar of Qazlal.
  9246 | D:8      | Found a broken altar of Ashenzari.
  9256 | D:8      | Noticed Grum
  9266 | D:8      | Reached ***** piety under Okawaru
  9302 | D:8      | Killed Grum
  9534 | D:8      | Found a bloodstained altar of Trog.
  9538 | D:8      | Found a burning altar of Makhleb.
  9654 | D:8      | Noticed Gastronok
  9803 | D:8      | Found Xockan's Armour Shoppe.
  9809 | D:8      | Found an opulent altar of Gozag.
  9924 | D:7      | Reached skill level 10 in Axes
 10068 | D:8      | Killed Gastronok
 10069 | D:8      | Reached skill level 10 in Fighting
 10069 | D:8      | Reached XP level 11. HP: 22/99 MP: 14/16
 10791 | D:9      | Identified the +8 whip of Callousness {freeze, rN+ Int+4}
 11570 | D:9      | Found a staircase to the Orcish Mines.
 11657 | D:10     | Entered Level 10 of the Dungeon
 11657 | D:10     | Noticed Urug
 11676 | D:10     | Killed Urug
 11790 | D:9      | Reached skill level 11 in Axes
 11974 | D:10     | Noticed Sonja
 12006 | D:10     | Cast into level 2 of the Abyss (Sonja)
 12088 | Abyss:2  | Noticed a shadow demon
 12098 | Abyss:2  | Noticed a tentacled starspawn
 12098 | Abyss:2  | Noticed a lorocyproca
 12106 | Abyss:2  | Noticed a thrashing horror
 12106 | Abyss:2  | Noticed a starcursed mass
 12106 | Abyss:2  | Noticed a tentacled starspawn
 12109 | Abyss:2  | Killed a shadow demon
 12196 | Abyss:2  | Noticed a wretched star
 12205 | Abyss:2  | Noticed a starcursed mass
 12214 | Abyss:2  | Killed from afar by a starcursed mass

Illustrated notes

Levels and vault maps discovered:
D:1:      heliophobic_arrival_henge, layout_basic,
          hellmonk_ecumenical_altar_pennies_from_heaven
D:2:      layout_basic, chequers_serial_rivers_micro_d, corexii_shack,
          corexii_shack
D:3:      layout_rooms, mainiacjoe_overflow_cross_hatched,
          okawaru_ov_weapons_minmay, kennysheep_cluttered_room,
          mrwooster_statue_mirror, lemuel_another_geyser, uniq_ijyb,
          uniq_natasha, uniq_terence, uniq_grinder
D:4:      due_chaos_kobolds, layout_cave_pools, serial_shops, shop,
          grunt_ministairs_7
D:5:      layout_gridville, minmay_temple_entry_hall, minivault_5,
          chequers_serial_rivers_micro_d
D:6:      layout_loops_corners, lemuel_crystal_altar, mainiacjoe_overflow_paths,
          minmay_shop_enchanted_jewellery
D:7:      minmay_chambers_of_sixes, layout_basic,
          corexii_item_surrounded_by_moat, uniq_joseph
D:8:      layout_loops_cross, mainiacjoe_overflow_catwalk, kennysheep_mini_moat,
          kennysheep_mini, chequers_temple_overflow_statue_of_worship,
          erik_lair_orcish_takeover, serial_shops, nicolae_shop_trees,
          eino_small_chamber_without_monster, uniq_erica, uniq_grum,
          uniq_gastronok
D:9:      layout_loops_ring, orc_0_dummy, hangedman_abyss_or_decor_stagger
D:10:     layout_rooms, old_standard_altar, kennysheep_slug_shrine, uniq_snorg,
          uniq_urug, uniq_sonja
Abyss:2:  base: D:5, evilmike_abyss_exit_6, evilmike_abyss_exit_6,
          evilmike_abyss_exit_15

Skill      XL: |  1  2  3  4  5  6  7  8  9 10 11 |
---------------+----------------------------------+-----
Axes           | 3 4 5 6 7 9 10 11 | 11.3
Fighting       | 4 5 6 7 8 10 | 10.7
Armour         | 4 5 6 7 9 |  9.9
Shields        | 4 5 6 7 9 |  9.9
Invocations    | 2 5 7 8 |  8.0

Action                   |  1- 3 |  4- 6 |  7- 9 | 10-12 || total
-------------------------+-------+-------+-------+-------++-------
Melee: War axe           |   116 |    65 |   487 |   357 ||  1025
Throw: Dart              |       |     3 |       |     8 ||    11
Invok: Heroism           |       |       |     5 |     6 ||    11
       Finesse           |       |       |       |     2 ||     2
Evoke: Wand              |       |       |       |     1 ||     1
  Use: Scroll            |     4 |     2 |     7 |     3 ||    16
       Potion            |       |     1 |       |     5 ||     6
Armor: Scale mail        |    60 |    32 |   182 |       ||   274
       Plate armour      |       |       |    44 |       ||    44
       Ring mail         |       |       |       |   117 ||   117
Dodge: Dodged            |    40 |    15 |   129 |    93 ||   277
Block: Kite shield       |    80 |    34 |   360 |   367 ||   841
       Reflection        |       |       |     1 |    14 ||    15
